 Dungeon Crawl Stone Soup version 0.28.0-49-g6dfe1f597d (webtiles) character file.

Game seed: 15442286930790646278

38352 mistmaker the Fighter (level 13, -4/178 HPs)
             Began as a Minotaur Berserker on May 14, 2022.
             Was a High Priest of Trog.
             Engulfed by an ice dragon's freezing vapour (11 damage)
             ... on level 5 of the Lair of Beasts.
             The game lasted 00:39:59 (18737 turns).

mistmaker the Fighter (Minotaur Berserker)         Turns: 18737, Time: 00:40:00

Health: -4/178     AC: 17    Str: 27    XL:     13   Next: 63%
Magic:  12/12      EV: 15    Int:  4    God:    Trog [*****.]
Gold:   1117       SH:  5    Dex: 10    Spells: 12/12 levels left

rFire   . . .      SeeInvis .   a - +4 battleaxe (freeze)
rCold   . . .      Faith    .   (shield currently unavailable)
rNeg    . . .      Spirit   .   O - +0 swamp dragon scales
rPois   +          Reflect  +   c - +0 hat
rElec   .          Harm     .   H - +2 cloak
rCorr   +          Rampage  .   i - +0 pair of gloves
Will    ++...                   F - +0 pair of boots
Stlth   ..........              B - amulet of reflection
HPRegen 1.39/turn               y - ring of poison resistance
MPRegen 0.13/turn               e - ring of resist corrosion

@: berserking, strong-willed, regenerating, slow
A: horns 2, retaliatory headbutt
a: Renounce Religion, Berserk, Trog's Hand, Brothers in Arms


You were on level 5 of the Lair of Beasts.
You worshipped Trog.
Trog was extremely pleased with you.
You visited 2 branches of the dungeon, and saw 14 of its levels.

You collected 1117 gold pieces.

Inventory:

Hand Weapons
 a - a +4 battleaxe of freezing (weapon)
 b - a +1 hand axe of flaming
Missiles
 h - 3 javelins (quivered)
Armour
 c - a +0 hat (worn)
 i - a +0 pair of gloves (worn)
 F - a +0 pair of boots (worn)
 H - a +2 cloak (worn)
 O - +0 swamp dragon scales (worn)
Jewellery
 d - a ring of fire
 e - a ring of resist corrosion (right hand)
 y - a ring of poison resistance (left hand)
 B - an amulet of reflection (around neck)
Wands
 m - a wand of flame (6)
 v - a wand of acid (13)
 x - a wand of iceblast (15)
Scrolls
 f - 5 scrolls of enchant weapon {unknown}
 k - 2 scrolls of vulnerability {unknown}
 n - 2 scrolls of enchant armour {unknown}
 o - 2 scrolls of noise {unknown}
 p - a scroll of holy word {unknown}
 q - a scroll of blinking {unknown}
 r - 8 scrolls of teleportation
 A - 3 scrolls of amnesia {unknown}
 C - 3 scrolls of brand weapon {unknown}
 D - 2 scrolls of fog {unknown}
 G - 6 scrolls of fear {unknown}
 K - 2 scrolls of magic mapping {unknown}
 N - 2 scrolls of immolation {unknown}
 P - a scroll of acquirement {unknown}
Potions
 g - a potion of ambrosia
 j - 11 potions of curing
 l - 2 potions of might
 s - 2 potions of heal wounds
 t - 2 potions of invisibility
 u - 2 potions of cancellation
 w - a potion of flight
 z - 2 potions of lignification
 E - a potion of attraction
 I - 2 potions of haste {unknown}
 J - a potion of mutation {unknown}


   Skills:
 + Level 12.9 Fighting
 + Level 12.8 Axes
 + Level 5.9 Throwing
 + Level 12.6 Armour
 + Level 11.6 Dodging
 - Level 10.4 Evocations


You had 12 spell levels left.
You didn't know any spells.
Your spell library was empty.

Dungeon Overview and Level Annotations

Branches:
Dungeon (9/15)             Temple (0/1) D:7            Lair (5/6) D:9
 Shoals (0/4) Lair:2       Spider (0/4) Lair:4
  Slime: Lair:5-6       Orc: D:9-12

Altars:
Dithmenos
Ru
Sif Muna
Vehumet

Shops:
D:1 (   D:3 (*

Annotations:
Lair:2 1 exclusion
Lair:5 1 runed translucent door


Innate Abilities, Weirdness & Mutations

You have a pair of horns on your head.
You reflexively headbutt those who attack you in melee.


Message History

The blast of cold hits you!!!
You closely miss the white imp.
The white imp is heavily wounded.
You hit the white imp but do no damage.
You are engulfed in freezing vapours.
The white imp barely misses you. You furiously retaliate!
You headbutt the white imp!
You kill the white imp!
Trog accepts your kill.
The white imp is engulfed in freezing vapours.
The white imp hits you but does no damage.
Your skin crawls.
You feel strong-willed.
You are engulfed in freezing vapours.
* * * LOW HITPOINT WARNING * * *
The white imp is engulfed in freezing vapours.
The white imp hits you but does no damage.
A red film seems to cover your vision as you go berserk!
You feel yourself moving faster!
You feel mighty! The white imp gestures at you.
The puff of frost hits you but does no damage.
Your unstable footing causes you to fumble your attack.
The white imp gestures at you.
The puff of frost hits you but does no damage.
You slice the white imp!!
You kill the white imp!
Trog accepts your kill. The ice dragon breathes frost at you.
The blast of cold hits you!!
* * * LOW HITPOINT WARNING * * *
Your unstable footing causes you to fumble your attack.
You are engulfed in freezing vapours.
* * * LOW HITPOINT WARNING * * *
The ice dragon bites you!
* * * LOW HITPOINT WARNING * * *
The ice dragon claws you.
* * * LOW HITPOINT WARNING * * *
The ice dragon tramples you but does no damage.
Your unstable footing causes you to fumble your attack.
You are engulfed in freezing vapours.
You die...

...#..#..P.............
.≈≈(.#..##.......P.....
.≈≈≈......#............
..≈≈≈.≈≈≈..............
...≈≈≈≈≈≈≈.............
≈...≈≈≈≈≈#≈............
≈≈≈≈≈≈≈#.#≈≈#..........
≈≈≈.#≈°##≈≈..........
#####@≈≈≈≈≈.........
#.D#≈≈≈≈.≈.......
#>.5##≈≈≈...... #.##
......... #. ....... #
..⌠.... ≈...#.. ...


You could see an ice dragon (catching breath) and a white imp.

Vanquished Creatures
  Gastronok (Lair:2)
  A catoblepas (Lair:4)
  5 hydras
  6 death yaks (Lair:4)
  4 oklob plants (Lair:1)
  A manticore (D:9)
  3 ugly things
  2 black mambas (Lair:1)
  4 elephants (Lair:3)
  5 cane toads
  Maggie (D:9)
  3 rime drakes
  2 kobold demonologists (D:9)
  10 komodo dragons
  A troll (D:6)
  12 blink frogs (Lair:3)
  Prince Ribbit (Lair:3)
  Grinder (D:4)
  6 dream sheep (Lair:3)
  2 jumping spiders (Lair:4)
  3 culicivoras (Lair:4)
  20 yaks
  Sigmund (D:5)
  3 wyverns
  2 basilisks
  Menkaure (D:5)
  2 redbacks (Lair:4)
  Edmund (D:4)
  12 water moccasins
  An orc warrior (D:9)
  2 black bears (D:6)
  3 ogres
  A sky beast (D:6)
  A necrophage (D:6)
  10 centaurs
  24 wolves
  A phantom (D:6)
  3 kobold brigands
  16 bullfrogs
  3 scorpions
  A water moccasin zombie (D:5)
  A wyvern skeleton (D:7)
  6 killer bees
  4 electric eels (D:8)
  12 wights
  4 howler monkeys
  4 centaur zombies
  A bullfrog zombie (D:6)
  A centaur skeleton (D:6)
  A jelly (D:8)
  2 gnoll shamans
  3 orc priests
  4 hounds
  Crazy Yiuf (D:3)
  6 hell rats (Lair:1)
  Ijyb (D:5)
  5 iguanas
  10 orc wizards
  2 killer bee zombies
  A centaur simulacrum (D:9)
  A hound zombie (D:5)
  3 howler monkey zombies
  18 gnolls
  A howler monkey skeleton (D:6)
  7 adders
  5 river rats (Lair:1)
  3 white imps
  2 ufetubi (D:6)
  3 worms
  4 dart slugs
  15 orcs
  6 endoplasms
  3 giant cockroaches
  4 hobgoblins
  18 kobolds
  3 quokkas
  4 ball pythons
  5 bats
  4 goblins
  15 rats
375 creatures vanquished.

Vanquished Creatures (others)
  A gnoll (D:5)
  32 fungi
  66 plants
  4 toadstools (D:8)
103 creatures vanquished.

Grand Total: 478 creatures vanquished

Notes
Turn   | Place    | Note
-------+----------+-------------------------------------------
     0 | D:1      | mistmaker the Minotaur Berserker began the quest for the
                  | Orb.
     0 | D:1      | Reached XP level 1. HP: 19/19 MP: 0/0
   129 | D:1      | Found Bihufitt's Weapon Emporium.
   287 | D:1      | Reached XP level 2. HP: 23/27 MP: 1/1
   380 | D:1      | Found a faded altar of an unknown god.
   925 | D:2      | Reached ** piety under Trog
   926 | D:2      | Reached XP level 3. HP: 29/33 MP: 2/2
  1070 | D:2      | Identified the -3 pair of gloves "Goicomo" {-Tele rF+ rN+
                  | Dex+4}
  1096 | D:2      | Reached XP level 4. HP: 41/41 MP: 3/3
  1338 | D:3      | Found a shadowy altar of Dithmenos.
  1387 | D:3      | Found Utyhapt's Assorted Antiques.
  1464 | D:3      | Reached XP level 5. HP: 47/47 MP: 4/4
  1570 | D:3      | Found Ditigeg's Weapon Shop.
  1573 | D:3      | Noticed an ogre
  1580 | D:3      | Killed an ogre
  1581 | D:3      | Reached skill level 5 in Fighting
  1581 | D:3      | Reached skill level 5 in Axes
  1581 | D:3      | Reached XP level 6. HP: 56/56 MP: 5/5
  1760 | D:3      | Found a runed translucent door.
  1761 | D:3      | Noticed Crazy Yiuf
  2084 | D:3      | Killed Crazy Yiuf
  2319 | D:4      | Noticed Grinder
  2325 | D:4      | Killed Grinder
  2394 | D:4      | Reached skill level 5 in Armour
  2394 | D:4      | Reached XP level 7. HP: 60/62 MP: 6/6
  2410 | D:4      | Noticed Edmund
  2417 | D:4      | Killed Edmund
  2479 | D:4      | Reached skill level 5 in Dodging
  3136 | D:5      | Entered Level 5 of the Dungeon
  3537 | D:5      | Noticed Ijyb
  3545 | D:5      | Killed Ijyb
  3916 | D:5      | Reached XP level 8. HP: 10/71 MP: 7/7
  4259 | D:5      | Noticed Menkaure
  4269 | D:5      | Killed Menkaure
  4436 | D:5      | Found a shimmering blue altar of Sif Muna.
  4501 | D:5      | Noticed Sigmund
  4510 | D:5      | Killed Sigmund
  5432 | D:5      | Reached skill level 10 in Evocations
  5432 | D:5      | Reached XP level 9. HP: 79/79 MP: 8/8
  5800 | D:6      | Reached XP level 10. HP: 85/88 MP: 9/9
  5829 | D:6      | Reached *** piety under Trog
  6410 | D:6      | Noticed a green ugly thing
  6420 | D:6      | Killed a green ugly thing
  7395 | D:7      | Found a staircase to the Ecumenical Temple.
  7583 | D:7      | Found a sacrificial altar of Ru.
  7583 | D:7      | Found a radiant altar of Vehumet.
  8151 | D:8      | Reached **** piety under Trog
  8612 | D:8      | Reached XP level 11. HP: 56/97 MP: 10/10
  9314 | D:8      | Noticed a white ugly thing
  9326 | D:8      | Killed a white ugly thing
  9786 | D:9      | Noticed Maggie
 10069 | D:9      | Found a staircase to the Lair.
 10386 | D:9      | Killed Maggie
 10725 | D:9      | Reached skill level 10 in Fighting
 10725 | D:9      | Reached skill level 10 in Axes
 11017 | D:9      | Noticed a green ugly thing
 11030 | D:9      | Killed a green ugly thing
 11292 | Lair:1   | Entered Level 1 of the Lair of Beasts
 11411 | Lair:1   | Reached skill level 10 in Armour
 12020 | Lair:1   | Noticed an oklob plant
 12032 | Lair:1   | Killed an oklob plant
 12033 | Lair:1   | Noticed an oklob plant
 12036 | Lair:1   | Noticed an oklob plant
 12436 | Lair:1   | Reached XP level 12. HP: 99/108 MP: 11/11
 13143 | Lair:1   | Noticed a six-headed hydra
 13160 | Lair:1   | Killed a two-headed hydra
 13161 | Lair:1   | Reached skill level 1 in Throwing
 13837 | Lair:2   | Reached skill level 10 in Dodging
 14087 | Lair:2   | Noticed Gastronok
 14111 | Lair:2   | Killed Gastronok
 14176 | Lair:2   | Found a staircase to the Shoals.
 14443 | Lair:2   | Noticed a four-headed hydra
 14451 | Lair:2   | Killed a one-headed hydra
 15357 | Lair:3   | Noticed Prince Ribbit
 15362 | Lair:3   | Killed Prince Ribbit
 15574 | Lair:3   | Noticed a five-headed hydra
 15587 | Lair:3   | Killed a one-headed hydra
 15732 | Lair:3   | Reached ***** piety under Trog
 15766 | Lair:3   | Reached XP level 13. HP: 82/118 MP: 12/12
 17130 | Lair:3   | Reached skill level 5 in Throwing
 17469 | Lair:4   | Found a hole to the Spider Nest.
 17699 | Lair:4   | Identified the +0 robe of the Black Moon {rPois Dex+2}
 18686 | Lair:5   | Found a runed translucent door.
 18736 | Lair:5   | HP: 7/178 [ice dragon (6)]
 18737 | Lair:5   | Engulfed by an ice dragon's freezing vapour

Illustrated notes

Levels and vault maps discovered:
D:1:      lemuel_arrival_broad_hall, layout_basic, serial_shops,
          nicolae_diamond_shop, basic_ecumenical_altar, kennysheep_boxes
D:2:      layout_rooms
D:3:      layout_loops_ring, mainiacjoe_overflow_chevrons, serial_shops,
          nicolae_shop_bloodbath_and_beyond, nicolae_diamond_shop,
          kennysheep_doodads, minmay_misc_feat_rows, kennysheep_crisscross,
          uniq_crazy_yiuf_cottage
D:4:      layout_basic, uniq_grinder, uniq_edmund
D:5:      layout_basic, led_sif_book, uniq_sigmund, uniq_ijyb, uniq_menkaure
D:6:      kennysheep_windowed_halls, layout_cave_pools,
          hangedman_decor_slide_cut, minmay_liquid_box
D:7:      layout_rooms, gammafunk_temple_overflow_statue,
          minmay_temple_entry_proselytizer
D:8:      layout_loops_ring, amethyst_killhole, minmay_gold_behind_fungi,
          water_maze_lemuel
D:9:      layout_rooms, david_lair_shrubbed, wad_mini_maze, uniq_maggie
Lair:1:   minmay_lair_oklob_tunnel, layout_cave_pods,
          kennysheep_abandoned_house, infiniplex_staircase_pool_2,
          grunt_megastairs_3, lemuel_fruit_tree, lemuel_fruit_fields
Lair:2:   layout_roguey, minmay_shoals_entry_centaurs, serial_rivers,
          chequers_serial_rivers_small_3, chequers_serial_rivers_large_b,
          chequers_serial_rivers_micro_a, chequers_serial_rivers_small_b,
          chequers_serial_rivers_micro_c, grunt_megastairs_1, uniq_gastronok
Lair:3:   layout_layer_cave, uniq_prince_ribbit2
Lair:4:   layout_regular_city, nicolae_spider_entry_tight_spaces
Lair:5:   dreamdust_labyrinth, layout_cave_shapes, bobbens_ice_dragon_lair,
          uniq_nessos

Skill      XL: |  1  2  3  4  5  6  7  8  9 10 11 12 13 |
---------------+----------------------------------------+-----
Axes           | 4 5 6 7 9 10 12 | 12.8
Fighting       | 4 5 6 7 9 10 12 | 12.9
Armour         | 3 4 5 7 8 10 11 12 | 12.6
Dodging        | 3 4 5 6 8 9 10 11 | 11.6
Evocations     | 10 | 10.4
Throwing       | 4 5 |  5.9

Action                   |  1- 3 |  4- 6 |  7- 9 | 10-12 | 13-15 || total
-------------------------+-------+-------+-------+-------+-------++-------
Melee: Hand axe          |    57 |    76 |   181 |   169 |    15 ||   498
       Headbutt          |     5 |    11 |    23 |   112 |    28 ||   179
       Punch             |     1 |     1 |     2 |     1 |     1 ||     6
       Battleaxe         |       |       |       |   350 |   130 ||   480
Throw: Boomerang         |       |       |       |    36 |       ||    36
       Dart              |       |       |       |     2 |       ||     2
Invok: Berserk           |       |     3 |     5 |    12 |     4 ||    24
       Trog's Hand       |       |     2 |     3 |     2 |     1 ||     8
Evoke: Wand              |       |       |       |     4 |       ||     4
  Use: Scroll            |       |       |     3 |     6 |     3 ||    12
       Potion            |       |       |     2 |     3 |       ||     5
Armor: Leather armour    |     2 |       |       |       |       ||     2
       Ring mail         |    19 |    37 |    23 |       |       ||    79
       Scale mail        |       |       |    43 |    63 |       ||   106
       Chain mail        |       |       |       |    38 |       ||    38
       Swamp dragon scal |       |       |       |    88 |    67 ||   155
Dodge: Dodged            |    14 |    27 |    86 |   310 |   109 ||   546
Block: Other             |       |       |    10 |   102 |    51 ||   163
       Reflection        |       |       |     1 |     8 |       ||     9
